[Event "3rd BSSZ-Aranytiz IM 2019"]
[Site "Budapest"]
[Date "2019.08.19"]
[Round "4.3"]
[White "Luong, Phuong Hanh"]
[Black "Havanecz, Bianka"]
[Result "1/2-1/2"]
[ECO "D20"]
[WhiteElo "2313"]
[BlackElo "2281"]
[Annotator "NA"]
[PlyCount "148"]
[EventDate "2019.08.16"]
[EventType "tourn"]
[EventCountry "HUN"]
[SourceTitle "playchess.com"]
[Source "ChessBase"]
[SourceQuality "1"]
[TimeControl "40/5400+30:1800+30"]

1. d4 d5 2. c4 dxc4 3. e3 e5 4. Bxc4 exd4 5. Nf3 Bb4+ 6. Bd2 Bxd2+ 7. Qxd2 dxe3 8. Bxf7+ Ke7 9. Qxd8+ Kxd8 10. fxe3 Nh6 11. Bb3 Re8 12. O-O c6 13. Nc3 Na6 14. e4 Nc5 15. Bc2 Be6 16. b4 Nd7 17. Nd4 Bc4 18. Rfd1 g6 19. Bb3 Bxb3 20. Nxb3 Kc8 21. Rac1 a6 22. a4 Nf7 23. b5 axb5 24. axb5 Nde5 25. bxc6 bxc6 26. Nd4 Nd8 27. Ncb5 Rf8 28. Rc5 Nd3 29. Rc3 Ne5 30. Nf3 Nxf3+ 31. gxf3 Ra2 32. Nd4 Ra6 33. Kg2 Re8 34. Nb5 Nf7 35. Rdc1 Kb7 36. Nd4 Nd8 37. Kg3 Re5 38. h4 Kc7 39. Rb1 Raa5 40. Rbc1 Ra6 41. Rc4 Kd7 42. R1c3 Rb6 43. Nc2 Ne6 44. Nb4 Rh5 45. f4 Nd8 46. e5 Rf5 47. Rd3+ Ke8 48. Rd6 Rb8 49. Nxc6 Rb3+ 50. Kg2 Nxc6 51. Rdxc6 Rh5 52. Re6+ Kd7 53. Rd6+ Ke8 54. Rc8+ Ke7 55. Rc7+ Ke8 56. Ra6 Rb8 57. Kg3 Kf8 58. Raa7 Kg8 59. Kg4 Re8 60. Rg7+ Kh8 61. Rgf7 Kg8 62. Rf6 Rb8 63. Raf7 Re8 64. e6 Ra5 65. h5 gxh5+ 66. Kh4 Rxe6 67. Rf8+ Kg7 68. R6f7+ Kh6 69. Rh8 Re4 70. Rhxh7+ Kg6 71. Rhg7+ Kh6 72. Rg3 Rb4 73. Kh3 Rbb5 74. Kh4 Rf5 1/2-1/2

[Event "3rd BSSZ-Aranytiz IM 2019"]
[Site "Budapest"]
[Date "2019.08.19"]
[Round "4.4"]
[White "Urhegyi, Marton"]
[Black "Farago, Sandor"]
[Result "1/2-1/2"]
[ECO "B22"]
[WhiteElo "2256"]
[BlackElo "2211"]
[Annotator "NA"]
[PlyCount "65"]
[EventDate "2019.08.16"]
[EventType "tourn"]
[EventCountry "HUN"]
[SourceTitle "playchess.com"]
[Source "ChessBase"]
[SourceQuality "1"]
[TimeControl "40/5400+30:1800+30"]

1. e4 c5 2. c3 Nf6 3. e5 Nd5 4. d4 cxd4 5. Nf3 e6 6. cxd4 Nc6 7. Bc4 d6 8. O-O Be7 9. Qe2 O-O 10. Nc3 dxe5 11. dxe5 Nxc3 12. bxc3 Qc7 13. Bd3 g6 14. Bf4 Bd7 15. Nd2 Rfd8 16. Qe3 Be8 17. Bc2 Rac8 18. Bb3 Qa5 19. Rad1 b5 20. Ne4 b4 21. cxb4 Qxb4 22. Nd6 Rb8 23. Rc1 Bxd6 24. exd6 e5 25. Rxc6 Bxc6 26. Qxe5 Qe4 27. Qxe4 Bxe4 28. Re1 Bf5 29. d7 Rxb3 30. axb3 Rxd7 31. b4 a6 32. Be3 Kg7 33. h3 1/2-1/2

[Event "3rd BSSZ-Aranytiz IM 2019"]
[Site "Budapest"]
[Date "2019.08.19"]
[Round "4.5"]
[White "Hamblok, Roel"]
[Black "Persanyi, Barnabas"]
[Result "1/2-1/2"]
[ECO "A47"]
[WhiteElo "2261"]
[BlackElo "2399"]
[Annotator "NA"]
[PlyCount "131"]
[EventDate "2019.08.16"]
[EventType "tourn"]
[EventCountry "HUN"]
[SourceTitle "playchess.com"]
[Source "ChessBase"]
[SourceQuality "1"]
[TimeControl "40/5400+30:1800+30"]

1. d4 Nf6 2. Nf3 b6 3. g3 Bb7 4. Bg2 g6 5. O-O Bg7 6. c4 O-O 7. Nc3 Ne4 8. Nxe4 Bxe4 9. Be3 d6 10. Qd2 c5 11. Bh6 Nd7 12. Bxg7 Kxg7 13. b3 Nf6 14. Rad1 Qc7 15. Rfe1 Rfd8 16. d5 Bxf3 17. exf3 b5 18. cxb5 a6 19. Bf1 axb5 20. Bxb5 Qa5 21. a4 Qxd2 22. Rxd2 Kf8 23. Re3 Rdb8 24. Kf1 Ne8 25. Rde2 Ra7 26. Bc4 Ng7 27. g4 e5 28. dxe6 Nxe6 29. Bxe6 fxe6 30. Rxe6 Rxb3 31. Rxd6 Rxf3 32. Re4 Ra3 33. Rf6+ Kg7 34. Rff4 g5 35. Rf5 h6 36. Rxc5 R3xa4 37. Rxa4 Rxa4 38. h3 Kg6 39. Rc6+ Kg7 40. Kg2 Rb4 41. Kg3 Rb3+ 42. f3 Ra3 43. Rc5 Kg6 44. Rb5 Rc3 45. Rb6+ Kg7 46. Rb2 Kg6 47. Rb8 Ra3 48. Rf8 Kg7 49. Rf5 Kg6 50. h4 gxh4+ 51. Kxh4 h5 52. Rf4 hxg4 53. Kxg4 Ra6 54. Rb4 Kf6 55. f4 Kg6 56. Rb5 Kf6 57. Rh5 Kg6 58. f5+ Kf7 59. Kg5 Rb6 60. Rh7+ Kf8 61. Ra7 Rc6 62. Ra8+ Kf7 63. Ra7+ Kf8 64. Ra8+ Kf7 65. Ra7+ Kf8 66. Ra8+ 1/2-1/2

[Event "3rd BSSZ-Aranytiz IM 2019"]
[Site "Budapest"]
[Date "2019.08.21"]
[Round "5.1"]
[White "Persanyi, Barnabas"]
[Black "Juhasz, Barbara"]
[Result "1-0"]
[ECO "A49"]
[WhiteElo "2399"]
[BlackElo "2157"]
[Annotator "NA"]
[PlyCount "83"]
[EventDate "2019.08.16"]
[EventType "tourn"]
[EventCountry "HUN"]
[SourceTitle "playchess.com"]
[Source "ChessBase"]
[SourceQuality "1"]
[TimeControl "40/5400+30:1800+30"]

1. d4 Nf6 2. Nf3 g6 3. g3 Bg7 4. Bg2 O-O 5. O-O d6 6. a4 c6 7. Re1 Qc7 8. e4 e5 9. Nc3 Nbd7 10. h3 Rb8 11. Be3 b6 12. Qd2 a6 13. Bh6 b5 14. Bxg7 Kxg7 15. dxe5 dxe5 16. Qe3 b4 17. Nb1 a5 18. Nbd2 c5 19. Bf1 Nb6 20. c3 Bd7 21. b3 c4 22. Rac1 cxb3 23. cxb4 Qd6 24. Nxb3 Qxb4 25. Nc5 Nxa4 26. Rc4 Qxc4 27. Bxc4 Nxc5 28. Qxc5 Rbc8 29. Qxa5 Rxc4 30. Nxe5 Rcc8 31. g4 h6 32. Nxd7 Nxd7 33. e5 Nc5 34. f4 Nd3 35. Rf1 Rfe8 36. Qa6 Rcd8 37. Qf6+ Kg8 38. e6 fxe6 39. Qxg6+ Kh8 40. Qxh6+ Kg8 41. Qg6+ Kh8 42. Rd1 1-0

[Event "3rd BSSZ-Aranytiz IM 2019"]
[Site "Budapest"]
[Date "2019.08.21"]
[Round "5.2"]
[White "Farago, Sandor"]
[Black "Hamblok, Roel"]
[Result "0-1"]
[ECO "C11"]
[WhiteElo "2211"]
[BlackElo "2261"]
[Annotator "NA"]
[PlyCount "62"]
[EventDate "2019.08.16"]
[EventType "tourn"]
[EventCountry "HUN"]
[SourceTitle "playchess.com"]
[Source "ChessBase"]
[SourceQuality "1"]
[TimeControl "40/5400+30:1800+30"]

1. e4 e6 2. d4 d5 3. Nc3 Nf6 4. e5 Nfd7 5. f4 c5 6. Nf3 Be7 7. Be3 O-O 8. Qd2 b6 9. a3 Nc6 10. Be2 Bb7 11. O-O Rc8 12. Kh1 f6 13. exf6 Nxf6 14. Rad1 Bd6 15. Ne5 Nxd4 16. Bxd4 cxd4 17. Qxd4 Qe7 18. b4 a5 19. Nb5 axb4 20. Nxd6 Qxd6 21. Nc4 Qc5 22. Nxb6 Qxd4 23. Rxd4 Rxc2 24. Bd3 Rc3 25. Na4 Rxd3 26. Rxd3 Ba6 27. Rff3 Bxd3 28. Rxd3 Ra8 29. Nc5 bxa3 30. Rd1 a2 31. Ra1 Rb8 0-1

[Event "3rd BSSZ-Aranytiz IM 2019"]
[Site "Budapest"]
[Date "2019.08.21"]
[Round "5.3"]
[White "Havanecz, Bianka"]
[Black "Urhegyi, Marton"]
[Result "1-0"]
[ECO "D15"]
[WhiteElo "2281"]
[BlackElo "2256"]
[Annotator "NA"]
[PlyCount "117"]
[EventDate "2019.08.16"]
[EventType "tourn"]
[EventCountry "HUN"]
[SourceTitle "playchess.com"]
[Source "ChessBase"]
[SourceQuality "1"]
[TimeControl "40/5400+30:1800+30"]

1. d4 d5 2. c4 c6 3. Nf3 Nf6 4. Nc3 a6 5. e3 Bf5 6. Qb3 Ra7 7. cxd5 cxd5 8. Bd2 e6 9. Rc1 Bd6 10. Be2 O-O 11. O-O Nc6 12. Na4 Ne4 13. Be1 Bc7 14. Nd2 Na5 15. Qd1 Qd6 16. f4 Nc4 17. Nxc4 dxc4 18. a3 Qd7 19. Rxc4 b5 20. Nc5 Qd5 21. Rc1 Nxc5 22. Rxc5 Qa2 23. Bc3 Bd6 24. Rc6 Be7 25. Bf3 Rd8 26. Ba5 Rf8 27. Qc1 Bd3 28. Rd1 Bc4 29. Be4 Bd5 30. Bb1 Qxb1 31. Qxb1 Bxc6 32. Rc1 Ba8 33. Rc3 Rb7 34. b4 Rbb8 35. Qc2 Bb7 36. f5 Rbc8 37. Bc7 Bd5 38. h3 Rfe8 39. e4 Bc4 40. Be5 exf5 41. exf5 f6 42. Bf4 Bd8 43. Re3 Bb6 44. Qd2 Red8 45. Re4 Bd5 46. Re7 Kf8 47. Re1 Rc4 48. Be3 Be4 49. Qf2 Bxd4 50. Bxd4 Rdxd4 51. Re2 h6 52. Qf4 Kg8 53. Kh2 Kh7 54. Qg4 Kh8 55. Qg6 Kg8 56. Re3 Kh8 57. Rg3 Rc7 58. Qe8+ Kh7 59. Rg4 1-0

[Event "3rd BSSZ-Aranytiz IM 2019"]
[Site "Budapest"]
[Date "2019.08.21"]
[Round "5.4"]
[White "Martic, Zlatko"]
[Black "Luong, Phuong Hanh"]
[Result "1/2-1/2"]
[ECO "D90"]
[WhiteElo "2284"]
[BlackElo "2313"]
[Annotator "NA"]
[PlyCount "137"]
[EventDate "2019.08.16"]
[EventType "tourn"]
[EventCountry "HUN"]
[SourceTitle "playchess.com"]
[Source "ChessBase"]
[SourceQuality "1"]
[TimeControl "40/5400+30:1800+30"]

1. d4 Nf6 2. c4 g6 3. Nc3 d5 4. Nf3 Bg7 5. h4 h6 6. cxd5 Nxd5 7. e4 Nxc3 8. bxc3 c5 9. Bb5+ Bd7 10. Rb1 Nc6 11. d5 Ne5 12. Nxe5 Bxe5 13. c4 Bxb5 14. Rxb5 b6 15. a4 Qd6 16. a5 Bc3+ 17. Bd2 Qe5 18. O-O Bxd2 19. Qxd2 Qxe4 20. axb6 axb6 21. h5 gxh5 22. Re1 Qg6 23. d6 O-O 24. dxe7 Rfe8 25. Rb3 h4 26. Rd3 Kh7 27. Rd8 h3 28. g3 Qc6 29. Qd3+ Kg7 30. f3 Qc7 31. Rd6 Rxe7 32. Qc3+ Kh7 33. Qd3+ Kg8 34. Rxe7 Qxe7 35. Kh2 Qg5 36. Rd5 Qg6 37. Qd2 Qf6 38. Qe2 Kg7 39. Kxh3 Qe6+ 40. Qxe6 fxe6 41. Rd6 Kf6 42. f4 Ra4 43. Rxb6 Rxc4 44. Kg4 Rc3 45. Rb8 h5+ 46. Kh4 Rd3 47. Rc8 Rd5 48. g4 hxg4 49. Kxg4 Ke7 50. Kf3 Kd7 51. Ra8 Rd4 52. Ke3 Kc6 53. Rc8+ Kd5 54. Rd8+ Kc4 55. Rc8 Rd6 56. Ke4 Kb4 57. Ke5 Rb6 58. Rc7 Kb5 59. Rc8 c4 60. Kd4 Rd6+ 61. Kc3 Rd3+ 62. Kc2 Rd4 63. Rf8 Re4 64. f5 exf5 65. Rxf5+ Kb4 66. Rf3 Re2+ 67. Kc1 Ra2 68. Rh3 c3 69. Rh8 1/2-1/2

[Event "3rd BSSZ-Aranytiz IM 2019"]
[Site "Budapest"]
[Date "2019.08.21"]
[Round "5.5"]
[White "Nemeth, Zoltan"]
[Black "Maerevoet, Sim"]
[Result "0-1"]
[ECO "D38"]
[WhiteElo "2275"]
[BlackElo "2321"]
[Annotator "NA"]
[PlyCount "148"]
[EventDate "2019.08.16"]
[EventType "tourn"]
[EventCountry "HUN"]
[SourceTitle "playchess.com"]
[Source "ChessBase"]
[SourceQuality "1"]
[TimeControl "40/5400+30:1800+30"]

1. d4 Nf6 2. c4 e6 3. Nf3 d5 4. Nc3 Bb4 5. a3 Bxc3+ 6. bxc3 c5 7. e3 O-O 8. Bd3 dxc4 9. Bxc4 Qc7 10. Bb3 b6 11. O-O Bb7 12. Ne5 Nbd7 13. f4 cxd4 14. cxd4 Bd5 15. Bd2 Qb7 16. Bb4 Rfc8 17. Bxd5 Qxd5 18. Qd3 Rc7 19. Rf3 Rac8 20. Raf1 Rc2 21. e4 Qa2 22. Rg3 g6 23. Nxd7 Nxd7 24. f5 exf5 25. exf5 Rc1 26. fxg6 Rxf1+ 27. Kxf1 hxg6 28. d5 Qa1+ 29. Be1 Ne5 30. Qd2 Nc4 31. Qc3 Qxc3 32. Bxc3 Rc5 33. Rh3 f6 34. Bxf6 Rxd5 35. g4 Rd1+ 36. Ke2 Rd2+ 37. Ke1 Ra2 38. Rc3 b5 39. Be7 Rxh2 40. a4 a6 41. axb5 axb5 42. g5 Kf7 43. Bd8 Ke8 44. Bf6 Kd7 45. Rf3 Rg2 46. Rf4 Nd6 47. Rh4 Ke6 48. Rh8 Kf5 49. Rb8 Rg1+ 50. Ke2 Rb1 51. Rb6 Ne4 52. Be7 Rb3 53. Kf1 Rb1+ 54. Kg2 Rb2+ 55. Kg1 Kf4 56. Rxg6 Kg3 57. Kf1 Kf3 58. Kg1 Rg2+ 59. Kf1 Re2 60. Kg1 Rg2+ 61. Kf1 Ng3+ 62. Ke1 Re2+ 63. Kd1 Rxe7 64. Rb6 Ne2 65. g6 Ke3 66. Kc2 Nd4+ 67. Kc3 Rc7+ 68. Kb2 Kd3 69. Rf6 Rc2+ 70. Kb1 Rg2 71. Rb6 Kc3 72. Rf6 b4 73. Rf1 Rxg6 74. Rh1 Nf3 0-1

[Event "3rd BSSZ-Aranytiz IM 2019"]
[Site "Budapest"]
[Date "2019.08.22"]
[Round "6.1"]
[White "Juhasz, Barbara"]
[Black "Maerevoet, Sim"]
[Result "1/2-1/2"]
[ECO "B51"]
[WhiteElo "2157"]
[BlackElo "2321"]
[Annotator "NA"]
[PlyCount "152"]
[EventDate "2019.08.16"]
[EventType "tourn"]
[EventCountry "HUN"]
[SourceTitle "playchess.com"]
[Source "ChessBase"]
[SourceQuality "1"]
[TimeControl "40/5400+30:1800+30"]

1. e4 c5 2. Nf3 d6 3. Bb5+ Nd7 4. d4 cxd4 5. Qxd4 a6 6. Bxd7+ Bxd7 7. c4 Rc8 8. Nc3 e5 9. Qd3 Qc7 10. b3 b5 11. Nd5 Qc5 12. Be3 bxc4 13. Qd1 Qa5+ 14. Nd2 c3 15. Nc4 c2+ 16. Nxa5 cxd1=Q+ 17. Rxd1 Nf6 18. Nxf6+ gxf6 19. Nc4 Rc6 20. O-O Rg8 21. Rd2 f5 22. exf5 Bxf5 23. f4 e4 24. Bd4 Be6 25. Ne3 f5 26. Bb2 Be7 27. Rfd1 Kd7 28. Kf2 h5 29. Ba3 a5 30. Rd4 Ra8 31. Ra4 Bd8 32. Bb2 Bc7 33. Rd2 Ke7 34. g3 Rb8 35. h3 Rb4 36. Rxb4 axb4 37. g4 hxg4 38. hxg4 fxg4 39. f5 Bf7 40. Kg3 Bb6 41. Bd4 Bc7 42. Kxg4 d5 43. Kg5 Bg3 44. Rc2 Ra6 45. Bc5+ Bd6 46. Bd4 Ra8 47. f6+ Kd7 48. Nf5 Rg8+ 49. Ng7 Rh8 50. Nf5 Rh3 51. Nxd6 Kxd6 52. Bc5+ Ke5 53. Bxb4 Rg3+ 54. Kh4 Rg8 55. Rc7 Kxf6 56. Bc3+ Ke6 57. Bd4 Rg2 58. a4 Rd2 59. Be3 Rd3 60. Bg5 Bg6 61. Rc6+ Kf7 62. Rc7+ Kf8 63. Bh6+ Ke8 64. Kg5 Kd8 65. Rc1 Be8 66. Kf5 Rxb3 67. Ke5 Bf7 68. a5 Kd7 69. Ra1 Kc7 70. Kd4 Kb7 71. a6+ Ka7 72. Bf8 Rd3+ 73. Ke5 Rc3 74. Ra5 e3 75. Bc5+ Ka8 76. Bd4 Rc4 {[%emt 0:00:39] Ke4} 1/2-1/2

[Event "3rd BSSZ-Aranytiz IM 2019"]
[Site "Budapest"]
[Date "2019.08.22"]
[Round "6.2"]
[White "Luong, Phuong Hanh"]
[Black "Nemeth, Zoltan"]
[Result "1-0"]
[ECO "D05"]
[WhiteElo "2313"]
[BlackElo "2275"]
[Annotator "NA"]
[PlyCount "121"]
[EventDate "2019.08.16"]
[EventType "tourn"]
[EventCountry "HUN"]
[SourceTitle "playchess.com"]
[Source "ChessBase"]
[SourceQuality "1"]
[TimeControl "40/5400+30:1800+30"]

1. d4 Nf6 2. Nf3 e6 3. e3 d5 4. Bd3 Be7 5. O-O O-O 6. Nbd2 c5 7. dxc5 Nc6 8. Nb3 Nd7 9. e4 dxe4 10. Bxe4 Nxc5 11. Nxc5 Qxd1 12. Rxd1 Bxc5 13. Bf4 Re8 14. Bd6 Bb6 15. b4 f5 16. Bxc6 bxc6 17. c4 Bd8 18. Rab1 Bf6 19. Ne5 Bxe5 20. Bxe5 Kf7 21. Rd6 Bb7 22. Bxg7 Rad8 23. Rbd1 Rxd6 24. Rxd6 Ke7 25. c5 a5 26. a3 axb4 27. axb4 Rg8 28. Be5 Rg4 29. f4 h5 30. Kf2 h4 31. Rd3 Ba6 32. Ra3 Bc4 33. Ra7+ Ke8 34. h3 Rg3 35. Rg7 Ra3 36. Bf6 Ra2+ 37. Kg1 Kf8 38. g4 Ra3 39. g5 e5 40. Bxe5 Rxh3 41. Rh7 Bd5 42. Kf2 Rf3+ 43. Kg1 Rg3+ 44. Kh2 Rg4 45. Rh6 Rg2+ 46. Kh3 Rg1 47. Kxh4 Rh1+ 48. Kg3 Rxh6 49. gxh6 Kg8 50. Kh4 Kh7 51. Kg5 Be4 52. Bf6 Bd3 53. Bg7 Bb5 54. Kxf5 Bd3+ 55. Kf6 Kg8 56. f5 Kh7 57. Ke6 Kg8 58. f6 Bc4+ 59. Kd6 Bb5 60. Bh8 Ba4 61. h7+ 1-0

[Event "3rd BSSZ-Aranytiz IM 2019"]
[Site "Budapest"]
[Date "2019.08.22"]
[Round "6.3"]
[White "Urhegyi, Marton"]
[Black "Martic, Zlatko"]
[Result "1/2-1/2"]
[ECO "B15"]
[WhiteElo "2256"]
[BlackElo "2284"]
[Annotator "NA"]
[PlyCount "152"]
[EventDate "2019.08.16"]
[EventType "tourn"]
[EventCountry "HUN"]
[SourceTitle "playchess.com"]
[Source "ChessBase"]
[SourceQuality "1"]
[TimeControl "40/5400+30:1800+30"]

1. e4 c6 2. d4 d5 3. Nc3 dxe4 4. Nxe4 Nf6 5. Nxf6+ exf6 6. c3 Bd6 7. Bd3 O-O 8. Ne2 Re8 9. Qc2 g6 10. Be3 Nd7 11. h4 Nf8 12. h5 Be6 13. O-O-O a5 14. Kb1 a4 15. Nf4 Bxf4 16. Bxf4 b5 17. Be4 Bd5 18. f3 Ra7 19. hxg6 fxg6 20. Rde1 Rae7 21. Bg3 Kg7 22. Bxd5 Qxd5 23. Rxe7+ Rxe7 24. Re1 Rxe1+ 25. Bxe1 g5 26. b3 axb3 27. axb3 Ng6 28. Kb2 h5 29. Bf2 h4 30. c4 bxc4 31. bxc4 Qe6 32. Bg1 Nf4 33. Bh2 Qe3 34. Bxf4 Qxd4+ 35. Kb3 Qxf4 36. Qd3 Qb8+ 37. Kc3 Qe5+ 38. Kb4 Qe7+ 39. c5 Qe1+ 40. Kc4 Qc1+ 41. Kb4 Qb2+ 42. Ka5 Kh6 43. Qf1 Qb7 44. Qe2 Qa7+ 45. Kb4 Kg7 46. Qe6 Qb8+ 47. Ka3 Qb7 48. Qd6 Kf7 49. Ka4 Qa6+ 50. Kb4 Qb5+ 51. Ka3 Kg6 52. Qe7 Qd3+ 53. Kb4 Qd2+ 54. Ka4 Qa2+ 55. Kb4 Qb2+ 56. Ka4 Qe5 57. Qf8 Kf5 58. Ka5 Kf4 59. Qd6 Kg3 60. Qxc6 Qa1+ 61. Kb6 Qb2+ 62. Ka7 Qa3+ 63. Kb6 Qb4+ 64. Ka6 Kxg2 65. f4+ Kg3 66. fxg5 fxg5 67. Qd6+ Qf4 68. Qd3+ Kg2 69. c6 h3 70. Qc2+ Kg3 71. c7 Qd6+ 72. Ka7 Qa3+ 73. Kb8 Qb4+ 74. Ka7 Qa5+ 75. Kb7 Qb5+ 76. Ka7 Qa5+ 1/2-1/2

[Event "3rd BSSZ-Aranytiz IM 2019"]
[Site "Budapest"]
[Date "2019.08.22"]
[Round "6.4"]
[White "Hamblok, Roel"]
[Black "Havanecz, Bianka"]
[Result "1-0"]
[ECO "D02"]
[WhiteElo "2261"]
[BlackElo "2281"]
[Annotator "NA"]
[PlyCount "131"]
[EventDate "2019.08.16"]
[EventType "tourn"]
[EventCountry "HUN"]
[SourceTitle "playchess.com"]
[Source "ChessBase"]
[SourceQuality "1"]
[TimeControl "40/5400+30:1800+30"]

1. d4 d5 2. Nf3 Nf6 3. g3 e6 4. Bg2 Be7 5. O-O O-O 6. c4 dxc4 7. Qc2 a6 8. a4 Bd7 9. Qxc4 Bc6 10. Bg5 Nbd7 11. Nc3 h6 12. Bxf6 Nxf6 13. Rfe1 Ne4 14. Qd3 Nxc3 15. bxc3 Bf6 16. e4 b5 17. e5 Be7 18. Ng5 hxg5 19. Bxc6 Rb8 20. axb5 axb5 21. Bxb5 c5 22. Bc4 cxd4 23. cxd4 Rb2 24. Rab1 Rxb1 25. Rxb1 Qc7 26. Qe2 Rd8 27. Rd1 Qc6 28. Ba2 g6 29. d5 exd5 30. Qf3 Rf8 31. Bxd5 Qb6 32. Ra1 Kg7 33. Ra8 Qb1+ 34. Kg2 Qf5 35. Qxf5 gxf5 36. Ra7 Re8 37. e6 fxe6 38. Bc6 Kf8 39. Bxe8 Kxe8 40. h3 Kf7 41. Kf3 Kf6 42. Rb7 Bc5 43. Rb5 Bd4 44. Ke2 Ba1 45. f3 Be5 46. g4 Bg3 47. Kd3 Bf2 48. Kc4 fxg4 49. hxg4 Bg1 50. Kb4 Be3 51. Ka5 Ke7 52. Ka6 Kd6 53. Kb7 Bf4 54. Kc8 Kc6 55. Ra5 Kd6 56. Kd8 e5 57. Ke8 Ke6 58. Kf8 Be3 59. Kg7 Bf4 60. Kg6 Bc1 61. Ra6+ Kd5 62. Kf5 Bf4 63. Ra4 Bd2 64. Re4 Bf4 65. Kf6 Bd2 66. Rxe5+ 1-0

[Event "3rd BSSZ-Aranytiz IM 2019"]
[Site "Budapest"]
[Date "2019.08.22"]
[Round "6.5"]
[White "Persanyi, Barnabas"]
[Black "Farago, Sandor"]
[Result "1/2-1/2"]
[ECO "A04"]
[WhiteElo "2399"]
[BlackElo "2211"]
[Annotator "NA"]
[PlyCount "85"]
[EventDate "2019.08.16"]
[EventType "tourn"]
[EventCountry "HUN"]
[SourceTitle "playchess.com"]
[Source "ChessBase"]
[SourceQuality "1"]
[TimeControl "40/5400+30:1800+30"]

1. Nf3 c5 2. c4 Nf6 3. g3 b6 4. Bg2 Bb7 5. O-O g6 6. b3 Bg7 7. Bb2 O-O 8. Nc3 Nc6 9. d4 Nxd4 10. Nxd4 Bxg2 11. Kxg2 cxd4 12. Qxd4 d6 13. f3 Ne8 14. Qd2 Nc7 15. Rad1 Rc8 16. h4 Qe8 17. h5 gxh5 18. Rh1 f5 19. Qg5 h6 20. Qxh5 Qxh5 21. Rxh5 Rf7 22. Na4 b5 23. Bxg7 Kxg7 24. cxb5 Nxb5 25. Rd5 a6 26. Rd2 Rc6 27. Nb2 Na3 28. Nd3 e6 29. Nf4 d5 30. e4 dxe4 31. fxe4 Nc2 32. Nxe6+ Rxe6 33. Rxc2 fxe4 34. Re2 e3 35. Rd5 Kg6 36. Rd3 Rfe7 37. Kf3 Rf6+ 38. Kg2 Rfe6 39. b4 Kg5 40. a4 Re4 41. b5 Rxa4 42. bxa6 Rxa6 43. Rdxe3 1/2-1/2

[Event "3rd BSSZ-Aranytiz IM 2019"]
[Site "Budapest"]
[Date "2019.08.23"]
[Round "7.1"]
[White "Farago, Sandor"]
[Black "Juhasz, Barbara"]
[Result "0-1"]
[ECO "B30"]
[WhiteElo "2211"]
[BlackElo "2157"]
[Annotator "NA"]
[PlyCount "131"]
[EventDate "2019.08.16"]
[EventType "tourn"]
[EventCountry "HUN"]
[SourceTitle "playchess.com"]
[Source "ChessBase"]
[SourceQuality "1"]
[TimeControl "40/5400+30:1800+30"]

1. e4 c5 2. Nf3 Nc6 3. Bc4 e6 4. Nc3 d6 5. O-O Nf6 6. d4 cxd4 7. Nxd4 Be7 8. Be3 a6 9. a4 Qc7 10. Nxc6 bxc6 11. Be2 a5 12. f4 O-O 13. Kh1 Rb8 14. b3 d5 15. e5 Nd7 16. Bd3 Bc5 17. Bd2 Bb4 18. Rf3 f5 19. exf6 Nxf6 20. Qe2 Bd6 21. Raf1 Bd7 22. h3 e5 23. fxe5 Bxe5 24. Qf2 Be6 25. Ne2 c5 26. Nf4 Bf7 27. Qh4 c4 28. Bf5 Rfe8 29. Rg3 c3 30. Bc1 Rb4 31. Rg5 g6 32. Qf2 Ne4 33. Bxe4 Rxe4 34. Nh5 Bd4 35. Nf6+ Bxf6 36. Qxf6 Re1 37. Rg4 Qe7 38. Qf3 Rxf1+ 39. Qxf1 Qe1 40. Kg1 Re2 41. Bh6 Qxf1+ 42. Kxf1 Rxc2 43. b4 axb4 44. Rxb4 Rb2 45. Rb5 Rxb5 46. axb5 d4 47. b6 Bd5 48. Ke2 Be4 49. b7 Bxb7 50. Kd3 Bxg2 51. h4 Bh3 52. Kxd4 c2 53. Ke5 Kf7 54. Bc1 Bg4 55. Bd2 Be2 56. Bc1 Bh5 57. Bg5 Bd1 58. Bc1 Ke7 59. Bg5+ Kd7 60. Kf6 Kd6 61. Kg7 Kd5 62. Kxh7 Bh5 63. Kg7 Ke4 64. Kf6 Kd3 65. Ke5 Ke2 66. Ke6 0-1

[Event "3rd BSSZ-Aranytiz IM 2019"]
[Site "Budapest"]
[Date "2019.08.23"]
[Round "7.2"]
[White "Havanecz, Bianka"]
[Black "Persanyi, Barnabas"]
[Result "0-1"]
[ECO "E32"]
[WhiteElo "2281"]
[BlackElo "2399"]
[Annotator "NA"]
[PlyCount "74"]
[EventDate "2019.08.16"]
[EventType "tourn"]
[EventCountry "HUN"]
[SourceTitle "playchess.com"]
[Source "ChessBase"]
[SourceQuality "1"]
[TimeControl "40/5400+30:1800+30"]

1. d4 Nf6 2. c4 e6 3. Nc3 Bb4 4. Qc2 b6 5. e4 c5 6. d5 Qe7 7. Nge2 d6 8. Bg5 h6 9. Bd2 a6 10. h3 b5 11. O-O-O e5 12. g4 Nbd7 13. Ng3 Nb6 14. f4 Bd7 15. Nf5 Bxf5 16. exf5 Bxc3 17. Bxc3 b4 18. Bd2 Nfd7 19. Re1 Kd8 20. Bg2 Kc7 21. h4 a5 22. g5 Rae8 23. Rh3 Qd8 24. fxe5 Nxe5 25. Re4 hxg5 26. Bxg5 f6 27. Bf4 Qd7 28. Bxe5 Rxe5 29. Rxe5 fxe5 30. b3 Qe7 31. Qf2 a4 32. Be4 a3 33. Kd2 Nd7 34. Ke3 Qf6 35. Rh1 Qh6+ 36. Kd3 Nf6 37. Qg3 Qd2+ 0-1

[Event "3rd BSSZ-Aranytiz IM 2019"]
[Site "Budapest"]
[Date "2019.08.23"]
[Round "7.3"]
[White "Martic, Zlatko"]
[Black "Hamblok, Roel"]
[Result "0-1"]
[ECO "A01"]
[WhiteElo "2284"]
[BlackElo "2261"]
[Annotator "NA"]
[PlyCount "66"]
[EventDate "2019.08.16"]
[EventType "tourn"]
[EventCountry "HUN"]
[SourceTitle "playchess.com"]
[Source "ChessBase"]
[SourceQuality "1"]
[TimeControl "40/5400+30:1800+30"]

1. b3 d5 2. Bb2 Bf5 3. g3 e6 4. Bg2 Nf6 5. Nf3 h6 6. O-O Be7 7. d4 O-O 8. c4 c6 9. Nc3 Nbd7 10. Ne5 Bh7 11. Nd3 Qa5 12. c5 Qc7 13. Bc1 e5 14. dxe5 Nxe5 15. Bf4 Nfd7 16. e4 g5 17. Nxe5 Nxe5 18. exd5 Bxc5 19. Be3 Bxe3 20. fxe3 Rad8 21. e4 Qb6+ 22. Kh1 Qe3 23. Rc1 Nd3 24. Rc2 f5 25. Qe2 Qxe2 26. Rxe2 cxd5 27. exf5 d4 28. Nd5 Rd7 29. Rd1 Bxf5 30. Ne7+ Rxe7 31. Rxe7 Nf2+ 32. Kg1 Nxd1 33. Rxb7 Ne3 0-1

[Event "3rd BSSZ-Aranytiz IM 2019"]
[Site "Budapest"]
[Date "2019.08.23"]
[Round "7.4"]
[White "Nemeth, Zoltan"]
[Black "Urhegyi, Marton"]
[Result "1-0"]
[ECO "D10"]
[WhiteElo "2275"]
[BlackElo "2256"]
[Annotator "NA"]
[PlyCount "63"]
[EventDate "2019.08.16"]
[EventType "tourn"]
[EventCountry "HUN"]
[SourceTitle "playchess.com"]
[Source "ChessBase"]
[SourceQuality "1"]
[TimeControl "40/5400+30:1800+30"]

1. d4 d5 2. c4 c6 3. cxd5 cxd5 4. Nc3 Nf6 5. Bf4 Nc6 6. e3 a6 7. Bd3 Bg4 8. f3 Bh5 9. Nge2 e6 10. Rc1 Bd6 11. a3 O-O 12. b4 Bg6 13. Bg5 Bxd3 14. Qxd3 h6 15. Bh4 Be7 16. O-O Nd7 17. Bxe7 Qxe7 18. Na4 Rfc8 19. Rc3 b5 20. Rfc1 Qd6 21. Nc5 Nd8 22. e4 Nb6 23. e5 Qe7 24. f4 f5 25. exf6 gxf6 26. Qg6+ Qg7 27. Qe8+ Kh7 28. Nxe6 Nxe6 29. Qxe6 Re8 30. Qxb6 Rxe2 31. Rc7 Rxg2+ 32. Kh1 1-0

[Event "3rd BSSZ-Aranytiz IM 2019"]
[Site "Budapest"]
[Date "2019.08.23"]
[Round "7.5"]
[White "Maerevoet, Sim"]
[Black "Luong, Phuong Hanh"]
[Result "1-0"]
[ECO "D85"]
[WhiteElo "2321"]
[BlackElo "2313"]
[Annotator "NA"]
[PlyCount "87"]
[EventDate "2019.08.16"]
[EventType "tourn"]
[EventCountry "HUN"]
[SourceTitle "playchess.com"]
[Source "ChessBase"]
[SourceQuality "1"]
[TimeControl "40/5400+30:1800+30"]

1. d4 Nf6 2. c4 g6 3. Nc3 d5 4. cxd5 Nxd5 5. e4 Nxc3 6. bxc3 Bg7 7. Qa4+ c6 8. Nf3 O-O 9. Be2 b5 10. Qa3 Ba6 11. Bg5 b4 12. Qxb4 Bxe2 13. Kxe2 Qc8 14. Qc4 Qg4 15. Qd3 e5 16. h3 Qe6 17. Rhe1 Nd7 18. Kf1 exd4 19. cxd4 c5 20. d5 Qd6 21. Rab1 Rac8 22. Qa3 f5 23. exf5 Rxf5 24. Re6 Qxd5 25. Qa6 Rxf3 26. gxf3 Rf8 27. Re3 Qxg5 28. Qe6+ Rf7 29. Rb7 Qf5 30. Rxd7 Qxe6 31. Rd8+ Bf8 32. Rxe6 Rxf3 33. Kg2 Rf7 34. Ra6 c4 35. Rc6 Kg7 36. Rxc4 Kh6 37. a4 a5 38. Rd5 Bb4 39. Rh4+ Kg7 40. Rhd4 Kh6 41. Rd7 Rf5 42. Rh4+ Kg5 43. Rhxh7 Bc5 44. Rdf7 1-0